[Event "Team 45 45 League T37"]
[Site "Internet Chess Club"]
[Date "2008.05.15"]
[Round "4"]
[White "ghostfire"]
[Black "QueensCounselor"]
[Result "0-1"]
[WhiteElo "1785"]
[BlackElo "1851"]
[Opening "Sicilian: Najdorf, Byrne (English) attack"]
[ECO "B90"]
[Time "14:00:54"]
[TimeControl "2700+45"]

1. e4 c5 2. Nf3 d6 3. d4 cxd4 4. Nxd4 Nf6 5. Nc3 a6 6. Be3 e6 7. Be2 Be7 8. a4
O-O 9. O-O Bd7 10. f4 Nc6 11. Kh1 Rc8 12. Nxc6 Bxc6 13. Bf3 Qd7 14. Qe2 e5 15.
fxe5 dxe5 16. Rfd1 Qc7 17. a5 Bb4 18. Bb6 Qe7 19. Nd5 Bxd5 20. exd5 e4 21. Bg4
Nxg4 22. Qxg4 Rxc2 23. Bd4 f5 24. Qg3 Bd6 25. Qb3 Rfc8 26. Bc3 Qh4 27. Be5 Bxe5
28. d6+ Kh8 {White resigns} 0-1

[Event "Team 45 45 League T37"]
[Site "Internet Chess Club"]
[Date "2008.05.17"]
[Round "4"]
[White "Steinwitz"]
[Black "Rainbird"]
[Result "1/2-1/2"]
[WhiteElo "1784"]
[BlackElo "1766"]
[Opening "French: King's Indian attack"]
[ECO "C00"]
[Time "16:02:38"]
[TimeControl "2700+45"]

1. e4 e6 2. d3 c5 3. Nd2 Nc6 4. Ngf3 g6 5. g3 Bg7 6. Bg2 d6 7. O-O Nge7 8. Re1
O-O 9. Nf1 Rb8 10. c3 b5 11. Bf4 Qc7 12. Qd2 b4 13. Bh6 bxc3 14. bxc3 Ba6 15.
Bxg7 Kxg7 16. h3 f6 17. Ne3 Rfd8 18. Ng4 Ng8 19. h4 h5 20. Ne3 Ne5 21. Nxe5 dxe5
22. Bf1 Qa5 23. Rab1 Rbc8 24. Qc2 Ne7 25. Red1 Rc7 26. Qb3 Kf7 27. Nc4 Bxc4 28.
Qxc4 Rc6 29. Rb5 Qa6 30. Rdb1 Rb6 31. Rxb6 Qxc4 32. dxc4 axb6 33. Rxb6 Ra8 34.
Rb2 Ra3 35. Rb5 Rxa2 36. Rxc5 Rc2 37. Rb5 Rxc3 38. Kg2 Nc6 39. Rb7+ Kf8 40. Rb6
Nd4 41. Rb8+ Kf7 42. Rc8 Nb3 43. Rc7+ Kf8 44. Rc6 Kf7 {Game drawn by mutual
agreement} 1/2-1/2

[Event "Team 45 45 League T37"]
[Site "Internet Chess Club"]
[Date "2008.05.22"]
[Round "4"]
[White "Langshaw"]
[Black "hansolo1000"]
[Result "0-1"]
[WhiteElo "1737"]
[BlackElo "1778"]
[Opening "QGD: 4.Bg5 Be7"]
[ECO "D53"]
[Time "05:00:43"]
[TimeControl "2700+45"]

1. d4 d5 2. c4 e6 3. Nc3 Nf6 4. Bg5 Be7 5. e3 Nbd7 6. Nf3 h6 7. Bxf6 Nxf6 8.
cxd5 exd5 9. Bd3 O-O 10. O-O c6 11. Qc2 Bd6 12. h3 Be6 13. Rab1 Qd7 14. Ne5 Bxe5
15. dxe5 Ne8 16. Rfd1 f6 17. exf6 Nxf6 18. Ne2 Nh5 19. Bg6 Bf5 20. Bxf5 Rxf5 21.
Nd4 Rf7 22. Qg6 Nf6 23. Nf5 Kh8 24. Rd4 Ne4 25. Ng3 Nxg3 26. Qxg3 Raf8 27. f3
Qf5 28. Rbd1 Qe6 29. Rg4 Qxe3+ 30. Kh2 Qb6 31. b3 Qc7 32. Rdd4 Qxg3+ 33. Kxg3
Kh7 34. Ra4 a6 35. Rad4 g5 36. b4 Rf5 37. h4 gxh4+ 38. Kxh4 R8f7 39. Kg3 h5 40.
Rh4 Kg6 41. Rd3 Rg5+ 42. Kf2 Rg4 43. Rxg4+ hxg4 44. Kg3 gxf3 45. gxf3 Rf5 46.
Re3 Kf6 47. Kg4 Rg5+ 48. Kf4 Rf5+ 49. Kg3 Re5 50. Rd3 Kf5 51. f4 Re4 52. Rd1
Rxf4 53. Re1 Re4 54. Rf1+ Ke5 55. a3 Re3+ 56. Kg4 Rxa3 57. Rf7 Ra4 58. Rxb7 c5
59. Kf3 Rxb4 60. Rc7 c4 61. Ra7 Ra4 62. Ke2 Kd4 63. Rg7 a5 64. Rg5 Rb4 65. Kd2
a4 66. Rg4+ Kc5 67. Kc3 a3 68. Rg8 Rb3+ 69. Kc2 Rb2+ 70. Kc1 c3 71. Rc8+ Kd4
{White resigns} 0-1

[Event "Team 45 45 League T37"]
[Site "Internet Chess Club"]
[Date "2008.05.19"]
[Round "4"]
[White "burnsja2003"]
[Black "badmove"]
[Result "1/2-1/2"]
[WhiteElo "1674"]
[BlackElo "1613"]
[Opening "QGD semi-Slav: 5.Bg5 dc"]
[ECO "D44"]
[Time "16:46:07"]
[TimeControl "2700+45"]

1. d4 d5 2. c4 c6 3. Nf3 Nf6 4. Nc3 e6 5. Bg5 dxc4 6. e3 h6 7. Bxf6 Qxf6 8. Bxc4
Nd7 9. O-O g6 10. e4 e5 11. d5 Nb6 12. Bb3 Bg7 13. dxc6 bxc6 14. Rc1 O-O 15. Na4
Bg4 16. Rc3 Rad8 17. Qc1 Bxf3 18. Rxf3 Qd6 19. Rd1 Qc7 20. Rfd3 Rxd3 21. Rxd3
Rd8 22. Qd1 Rxd3 23. Qxd3 Qd7 24. Qxd7 Nxd7 25. Kf1 Bf8 26. Ke2 Nb6 27. Nxb6
axb6 28. Kd3 Bc5 29. f3 Kf8 30. h3 Bd4 31. Kc2 Ke7 32. a4 g5 33. g4 f6 34. Ba2
Kd6 35. b4 b5 36. axb5 cxb5 37. Kd3 Bb2 38. Kc2 Bd4 39. Kb3 Kc7 40. Bb1 Kc6
{Game drawn by mutual agreement} 1/2-1/2

[Event "Team 45 45 League T37"]
[Site "Internet Chess Club"]
[Date "2008.05.16"]
[Round "4"]
[White "alastorx"]
[Black "fishhead"]
[Result "1-0"]
[WhiteElo "1900"]
[BlackElo "1804"]
[Opening "Pirc defense"]
[ECO "B07"]
[Time "11:00:36"]
[TimeControl "2700+45"]

1. e4 Nf6 2. Nc3 d6 3. d4 g6 4. f3 Bg7 5. Be3 Nbd7 6. Qd2 e5 7. O-O-O c6 8. h4
O-O 9. g4 Qc7 10. h5 Re8 11. hxg6 fxg6 12. Bh6 Nf8 13. Bxg7 Qxg7 14. Nh3 Ne6 15.
dxe5 dxe5 16. Bc4 b5 17. Bb3 a5 18. Ng5 a4 19. Bxe6+ Bxe6 20. Qd6 Bd7 21. Nxh7
Nxh7 22. Qxd7 Qxd7 23. Rxd7 Ng5 24. Rd6 Re6 25. Rxe6 Nxe6 26. Rd1 b4 27. Ne2 Kf7
28. Rd7+ Kf6 29. Rd6 c5 30. Kd2 Ke7 31. Rd5 Kf6 32. Ke3 Rh8 33. Rd6 Ke7 34. Ra6
Rh2 35. Rxa4 Nd4 36. Nxd4 exd4+ 37. Kd3 Rf2 38. Ra7+ Kf6 39. Ra6+ Kg5 40. Rc6
Rxf3+ 41. Kc4 Rf2 42. Rxc5+ Kxg4 43. Kxb4 d3 44. Kb3 d2 45. Rd5 Kf4 46. Kc3 Kxe4
47. Rxd2 Rf1 48. Rg2 Rf6 49. a4 Kd5 50. b4 Rf3+ 51. Kb2 Rf6 52. Kb3 Kc6 53. a5
Kb5 54. c4+ Ka6 55. Ka4 Kb7 56. b5 Ka7 57. Kb4 Kb7 58. a6+ Ka7 59. Ka5 Re6 60.
c5 Rf6 61. b6+ Kb8 62. a7+ Kb7 63. Rd2 Rf8 64. Kb5 g5 65. c6+ Ka8 66. Ka6 {Black
resigns} 1-0

[Event "Team 45 45 League T37"]
[Site "Internet Chess Club"]
[Date "2008.05.17"]
[Round "4"]
[White "CREDITorDEBIT"]
[Black "chinta"]
[Result "1-0"]
[WhiteElo "1775"]
[BlackElo "1652"]
[Opening "Owen defense"]
[ECO "B00"]
[Time "10:06:33"]
[TimeControl "2700+45"]

1. e4 b6 2. Nf3 Bb7 3. Nc3 e6 4. d4 Bb4 5. Bd3 Nf6 6. e5 Nd5 7. Bd2 Nxc3 8. bxc3
Be7 9. O-O d5 10. h3 c5 11. Nh2 h5 12. Qf3 c4 13. Be2 Nd7 14. g4 g6 15. Qg2 Qc7
16. f4 hxg4 17. hxg4 O-O-O 18. g5 Rh7 19. Ng4 Rdh8 20. Kf2 Nc5 21. Bf3 Ne4+ 22.
Bxe4 dxe4 23. Be3 Qc6 24. a4 a5 25. Rfb1 Qc7 26. Rb2 Rh3 27. Nh6 Rf3+ 28. Ke2
Bd8 29. Rab1 Qd7 30. d5 Qxa4 31. Qg1 b5 32. Ra1 Rxe3+ 33. Kd2 Bb6 34. Qb1 b4 35.
Rxa4 bxc3+ 36. Kd1 cxb2 37. Rxc4+ Bc7 38. d6 Kb8 39. Rxc7 Rc8 40. Rxc8+ Kxc8 41.
Qxb2 Ba6 42. Qb6 Be2+ 43. Kd2 {Black resigns} 1-0

[Event "Team 45 45 League T37"]
[Site "Internet Chess Club"]
[Date "2008.05.17"]
[Round "4"]
[White "NFK"]
[Black "kwameh72"]
[Result "1-0"]
[WhiteElo "1673"]
[BlackElo "1559"]
[Opening "Scandinavian (center counter) defense"]
[ECO "B01"]
[Time "07:00:24"]
[TimeControl "2700+45"]

1. e4 d5 2. exd5 Qxd5 3. Nc3 Qa5 4. d4 Nf6 5. Bc4 c6 6. Nf3 Bg4 7. Bd2 Qc7 8.
O-O e6 9. Re1 Be7 10. Bd3 Bd6 11. h3 Bh5 12. Ne4 Nxe4 13. Bxe4 O-O 14. Bxh7+ Kh8
15. Bd3 Nd7 16. g4 g6 17. gxh5 gxh5 18. Ng5 Nf6 19. Qf3 Qe7 20. Ne4 Rg8+ 21. Kf1
Ng4 22. hxg4 Rxg4 23. Qf6+ Qxf6 24. Nxf6 Kg7 {Black resigns} 1-0

[Event "Team 45 45 League T37"]
[Site "Internet Chess Club"]
[Date "2008.05.16"]
[Round "4"]
[White "isolani"]
[Black "BrerRabbit"]
[Result "1-0"]
[WhiteElo "1582"]
[BlackElo "1614"]
[Opening "English opening: Agincourt variation"]
[ECO "A13"]
[Time "20:02:58"]
[TimeControl "2700+45"]

1. c4 e6 2. Nf3 d5 3. e3 Nf6 4. Nc3 c5 5. d4 cxd4 6. exd4 Be7 7. Be2 O-O 8. O-O
Nc6 9. Be3 b6 10. cxd5 Nxd5 11. Rc1 Bb7 12. Nxd5 Qxd5 13. Bc4 Qd7 14. Bb5 a6 15.
Bxc6 Bxc6 16. Ne5 Qd5 17. Nxc6 Bf6 18. Qb3 Qe4 19. Qxb6 Qd5 20. b3 {Black
resigns} 1-0

[Event "Team 45 45 League T37"]
[Site "Internet Chess Club"]
[Date "2008.05.18"]
[Round "4"]
[White "xakelari"]
[Black "jesterday"]
[Result "1/2-1/2"]
[WhiteElo "2046"]
[BlackElo "1968"]
[Opening "Four knights: Nimzovich (Paulsen) variation"]
[ECO "C49"]
[Time "09:01:32"]
[TimeControl "2700+45"]

1. e4 e5 2. Nf3 Nc6 3. Nc3 Nf6 4. Bb5 Bb4 5. O-O O-O 6. Bxc6 dxc6 7. d3 Qd6 8.
Ne2 Bg4 9. Ng3 Nh5 10. h3 Nxg3 11. fxg3 Bc5+ 12. Kh1 Be6 13. Nh4 Qd7 14. g4 f6
15. Qf3 g6 16. Qg3 Qg7 17. a3 Rad8 18. a4 a5 19. Bd2 b6 20. Rad1 Bd4 21. b3 Bb2
22. Rf3 h6 23. Rdf1 Bd4 24. Qe1 Kh7 25. Bc1 Bc5 26. Rg3 g5 27. Nf5 Bxf5 28. Rxf5
Qe7 29. Rgf3 Kg7 30. Qf1 b5 31. g3 bxa4 32. bxa4 Rb8 33. Bd2 Qe6 34. c4 Bb4 35.
Bc1 Be7 36. Bd2 Bb4 37. Bc1 Be7 38. Bd2 Bb4 39. Bc1 {Game drawn by repetition}
1/2-1/2

[Event "Team 45 45 League T37"]
[Site "Internet Chess Club"]
[Date "2008.05.18"]
[Round "4"]
[White "makito"]
[Black "IceBox"]
[Result "1-0"]
[WhiteElo "1746"]
[BlackElo "1716"]
[Opening "English opening"]
[ECO "A21"]
[Time "03:00:52"]
[TimeControl "2700+45"]

1. c4 e5 2. Nc3 f5 3. d3 Nf6 4. Nf3 Nc6 5. e3 Bb4 6. Bd2 O-O 7. a3 Bxc3 8. Bxc3
d6 9. Be2 Qe8 10. O-O Bd7 11. Qb3 b6 12. Rfe1 Qg6 13. d4 e4 14. Nd2 Rae8 15.
Rac1 h5 16. Bf1 Ng4 17. c5+ Kh8 18. cxb6 axb6 19. d5 Nce5 20. Bxe5 Nxe5 21. Rxc7
b5 22. h3 h4 23. Kh1 Rf6 24. Qc3 Ref8 25. Qd4 Qh5 26. Be2 Qg5 27. Rg1 Rg6 28. f4
Qd8 29. Qa7 Be8 30. fxe5 dxe5 31. Qb7 Rg3 32. Nf1 Rg5 33. Rc8 Qf6 34. Bxb5 Bxb5
35. Rxf8+ Qxf8 36. Qxb5 f4 37. Nd2 Qf5 38. d6 Rg6 39. d7 f3 40. d8=Q+ Kh7 41.
Qxh4+ Rh6 42. Qxh6+ Kxh6 43. Qf1 g5 44. gxf3 exf3 45. Qxf3 Qc2 46. Qf6+ Kh7 47.
Qxg5 Qc6+ 48. e4 Qf6 49. Qh5+ {Black resigns} 1-0

[Event "Team 45 45 League T37"]
[Site "Internet Chess Club"]
[Date "2008.05.16"]
[Round "4"]
[White "Dbronstein06"]
[Black "incachess"]
[Result "0-1"]
[WhiteElo "1677"]
[BlackElo "1659"]
[Opening "Sicilian: Najdorf, Lipnitzky attack"]
[ECO "B86"]
[Time "17:51:33"]
[TimeControl "2700+45"]

1. e4 c5 2. Nf3 d6 3. d4 cxd4 4. Nxd4 Nf6 5. Nc3 a6 6. Bc4 e6 7. Bb3 Qc7 8. O-O
b5 9. Qf3 Bb7 10. Re1 Nbd7 11. Bg5 Be7 12. Bxe6 O-O 13. Bxd7 Qxd7 14. Nf5 Rfe8
15. Nxe7+ Qxe7 16. Bxf6 Qxf6 17. Qxf6 gxf6 18. Nd5 Bxd5 19. exd5 Re5 20. Rad1
Rae8 21. Kf1 Rc8 22. Rd2 Rc5 23. Rxe5 fxe5 24. g4 Kg7 25. Ke2 Kg6 26. a3 Kg5 27.
b4 Rc3 28. Rd3 Rxc2+ 29. Kf3 Rc4 30. h4+ Kxh4 {White resigns} 0-1

[Event "Team 45 45 League T37"]
[Site "Internet Chess Club"]
[Date "2008.05.17"]
[Round "4"]
[White "Orinal"]
[Black "chipionero"]
[Result "1-0"]
[WhiteElo "1358"]
[BlackElo "1696"]
[Opening "Sicilian: Najdorf, Opocensky variation"]
[ECO "B92"]
[Time "08:59:17"]
[TimeControl "2700+45"]

1. e4 c5 2. Nf3 d6 3. d4 cxd4 4. Nxd4 Nf6 5. Nc3 a6 6. Be2 e5 7. Nb3 Be6 8. Nd5
Nxd5 9. exd5 Bf5 10. Bd3 Bg6 11. Qf3 Nd7 12. O-O Be7 13. Bd2 Nf6 14. Qe3 Nxd5
15. Qf3 Bxd3 16. cxd3 Nc7 17. Qxb7 Qb8 18. Qc6+ Kf8 19. f4 exf4 20. Bxf4 Ne6 21.
Bg3 h5 22. Qd5 Rh6 23. Rae1 Kg8 24. Nd4 Bf6 25. Nxe6 fxe6 26. Rxe6 Kh8 27. Rxd6
Qa7+ 28. Bf2 Qb8 29. Kh1 Qc8 30. Bd4 Rb8 31. Bxf6 Rxf6 32. Rdxf6 gxf6 33. Qxh5+
Kg7 34. b3 Rb5 35. Qf3 Qc2 36. Qxf6+ {Black resigns} 1-0

[Event "Team 45 45 League T37"]
[Site "Internet Chess Club"]
[Date "2008.05.19"]
[Round "4"]
[White "DocHoliday"]
[Black "Beetlejuice"]
[Result "0-1"]
[WhiteElo "1865"]
[BlackElo "2018"]
[Opening "Petrov: Nimzovich attack"]
[ECO "C42"]
[Time "15:11:29"]
[TimeControl "2700+45"]

1. e4 e5 2. Nf3 Nf6 3. Nxe5 d6 4. Nf3 Nxe4 5. Nc3 Nxc3 6. dxc3 Be7 7. Bd3 Nc6 8.
O-O O-O 9. Re1 Bg4 10. Bf4 a6 11. h3 Bh5 12. Bxh7+ Kxh7 13. Ng5+ Bxg5 14. Qxh5+
Bh6 15. Re4 Qf6 16. g4 g5 17. h4 gxf4 18. g5 Qg6 19. Qxh6+ Qxh6 20. gxh6 f3
{White resigns} 0-1

[Event "Team 45 45 League T37"]
[Site "Internet Chess Club"]
[Date "2008.05.18"]
[Round "4"]
[White "A-Ru"]
[Black "kabindra"]
[Result "1-0"]
[WhiteElo "1858"]
[BlackElo "1814"]
[Opening "Queen's pawn game"]
[ECO "D05"]
[Time "11:01:56"]
[TimeControl "2700+45"]

1. d4 d5 2. Nf3 Nf6 3. e3 e6 4. Bd3 Bd6 5. Nbd2 Nbd7 6. b3 O-O 7. Bb2 Re8 8. Ne5
c5 9. f4 cxd4 10. exd4 b6 11. O-O Bb7 12. Qe2 Rc8 13. Rf3 Bb4 14. Rd1 Bxd2 15.
Rxd2 Ne4 16. Bxe4 dxe4 17. Rh3 Nxe5 18. dxe5 Qc7 19. Qh5 h6 20. Bd4 Red8 21. c3
Qc6 22. Re3 Kf8 23. g4 Ba6 24. g5 g6 25. Qxh6+ Ke7 26. Qg7 Rf8 27. c4 Rg8 28.
Qf6+ Ke8 29. Kf2 Bb7 30. Bc3 a5 31. Rd6 Qc5 32. Bd4 Qa3 33. Bxb6 {Black resigns}
1-0

[Event "Team 45 45 League T37"]
[Site "Internet Chess Club"]
[Date "2008.05.17"]
[Round "4"]
[White "pishd"]
[Black "blackcatdillac"]
[Result "1-0"]
[WhiteElo "1794"]
[BlackElo "1824"]
[Opening "Trompowsky attack (Ruth, Opocenský opening)"]
[ECO "A45"]
[Time "08:05:57"]
[TimeControl "2700+45"]

1. d4 Nf6 2. Bg5 Ne4 3. Bf4 c5 4. f3 Qa5+ 5. c3 Nf6 6. Nd2 cxd4 7. Nb3 Qf5 8.
Bxb8 Rxb8 9. Qxd4 b6 10. e4 Qf4 11. Nh3 Qc7 12. e5 Ng8 13. Nf2 e6 14. Ne4 Bc5
15. Nbxc5 bxc5 16. Nd6+ Kf8 17. Qd2 f6 18. f4 f5 19. Be2 Bb7 20. O-O Bc6 21. b3
Nh6 22. Qe3 Qb6 23. Bh5 g6 24. Be2 Nf7 25. Nc4 Qd8 26. Qxc5+ Kg7 27. Qxa7 g5 28.
Qd4 h5 29. Rfd1 Qe7 30. Nd6 gxf4 31. Qxf4 Nxd6 32. exd6 Qf6 33. Rd3 h4 34. Rf1
Be4 35. Rh3 e5 36. Qd2 f4 37. Bg4 Rbg8 38. Re1 Bc6 39. Bf3 Bxf3 40. Rxf3 Kf7 41.
Qd5+ {Black resigns} 1-0

[Event "Team 45 45 League T37"]
[Site "Internet Chess Club"]
[Date "2008.05.15"]
[Round "4"]
[White "gametracker"]
[Black "cocio"]
[Result "0-1"]
[WhiteElo "2043"]
[BlackElo "2166"]
[Opening "Ruy Lopez: Worrall attack"]
[ECO "C86"]
[Time "18:20:33"]
[TimeControl "2700+45"]

1. e4 e5 2. Nf3 Nc6 3. Bb5 a6 4. Ba4 Nf6 5. O-O Be7 6. Qe2 b5 7. Bb3 Bb7 8. c3
d6 9. Rd1 O-O 10. d4 Qc8 11. Nbd2 h6 12. Nf1 exd4 13. cxd4 Na5 14. Bc2 c5 15. e5
Nd5 16. Ng3 cxd4 17. Nxd4 dxe5 18. Qxe5 Bf6 19. Qf5 Qxf5 20. Ndxf5 Nb4 21. Be4
Bxe4 22. Nxe4 Bd8 23. Bf4 Re8 24. Nfd6 Re6 25. Kf1 Nc4 26. Nc5 Rf6 27. Nxc4 Rxf4
28. Ne3 Bb6 29. g3 Bxc5 30. gxf4 Bxe3 31. fxe3 Nc2 32. Ke2 Nxa1 33. Rxa1 Rc8 34.
Kd2 Rc5 35. a4 Rh5 36. axb5 Rxh2+ 37. Kc3 axb5 38. Ra8+ Kh7 39. b4 g5 40. fxg5
hxg5 41. Ra5 g4 42. Rxb5 f6 43. Rd5 Rh3 44. Kd4 g3 {White resigns} 0-1

[Event "Team 45 45 League T37"]
[Site "Internet Chess Club"]
[Date "2008.05.17"]
[Round "4"]
[White "syy89"]
[Black "matein7"]
[Result "1-0"]
[WhiteElo "2131"]
[BlackElo "1971"]
[Opening "Caro-Kann: Panov-Botvinnik attack, 5...e6"]
[ECO "B14"]
[Time "16:01:08"]
[TimeControl "2700+45"]

1. e4 d5 2. exd5 Nf6 3. c4 c6 4. d4 cxd5 5. Nc3 e6 6. Nf3 Be7 7. cxd5 Nxd5 8.
Bd3 Nc6 9. O-O O-O 10. Re1 b6 11. Be4 Ncb4 12. a3 Nc6 13. Qc2 Bb7 14. Nxd5 exd5
15. Bxh7+ Kh8 16. Qf5 Bc8 17. Qh5 Bg4 18. Qxg4 Kxh7 19. Ne5 Rc8 20. Re3 Bg5 21.
Rh3+ Bh6 22. Qf5+ Kg8 23. Bxh6 Nxd4 24. Qg4 Ne6 25. Bf4 Nxf4 26. Qxf4 Qc7 27.
Rc3 Qe7 28. h3 Rxc3 29. bxc3 Rc8 30. Qd4 Qf6 31. f4 g5 32. fxg5 Qxg5 33. Rf1 Rd8
34. Nxf7 {Black forfeits on time} 1-0

[Event "Team 45 45 League T37"]
[Site "Internet Chess Club"]
[Date "2008.05.19"]
[Round "4"]
[White "QuietSet"]
[Black "elnik"]
[Result "0-1"]
[WhiteElo "1891"]
[BlackElo "1970"]
[Opening "King's Indian: Petrosian system, Stein variation"]
[ECO "E92"]
[Time "22:57:10"]
[TimeControl "2700+45"]

1. d4 Nf6 2. c4 g6 3. Nc3 Bg7 4. e4 d6 5. Nf3 O-O 6. Be2 e5 7. d5 a5 8. O-O Na6
9. a3 Nc5 10. Be3 Nfxe4 11. Nxe4 Nxe4 12. Qc2 f5 13. b4 axb4 14. axb4 Rxa1 15.
Rxa1 b6 16. c5 bxc5 17. bxc5 Nxc5 18. Bxc5 dxc5 19. Qxc5 Qd6 20. Qc4 Kh8 21. Ra8
Bb7 22. Rxf8+ Bxf8 23. Ng5 Qxd5 24. Nf7+ Kg7 25. Qxd5 Bxd5 26. Nxe5 c5 27. Nd7
Bd6 28. Nb6 Bb3 29. Bc4 Bxc4 30. Nxc4 Bc7 31. Ne3 Kf7 32. Kf1 Ke6 33. Ke2 Bxh2
34. g3 f4 {White resigns} 0-1

[Event "Team 45 45 League T37"]
[Site "Internet Chess Club"]
[Date "2008.05.18"]
[Round "4"]
[White "azbycx"]
[Black "PrincessChess"]
[Result "1/2-1/2"]
[WhiteElo "1809"]
[BlackElo "1824"]
[Opening "Queen's pawn game"]
[ECO "A46"]
[Time "10:59:01"]
[TimeControl "2700+45"]

1. d4 Nf6 2. Nf3 e6 3. g3 b6 4. Bg2 Bb7 5. O-O c5 6. c4 cxd4 7. Qxd4 Nc6 8. Qd1
d5 9. cxd5 Nxd5 10. Qa4 Qc7 11. e4 Ne7 12. Bf4 Qc8 13. Nc3 a6 14. Rac1 b5 15.
Qb3 Ng6 16. Be3 Be7 17. Rfd1 O-O 18. Bb6 Qb8 19. Rd2 Bf6 20. Rcd1 Nge5 21. Nxe5
Nxe5 22. Bc5 Re8 23. Bd6 Qa7 24. Bxe5 Bxe5 25. Rd7 Rab8 26. R1d2 Qa8 27. Qd1
Bxc3 28. bxc3 Bxe4 29. Bxe4 Qxe4 30. Ra7 Qc6 31. Rdd7 Rf8 32. Rac7 Qa8 33. Ra7
Qc6 34. Rac7 Qe4 35. Ra7 Ra8 36. Rac7 Qf5 37. Kg2 Qf6 38. Qd3 Rad8 39. c4 Rxd7
40. Rxd7 Qe5 41. cxb5 axb5 42. Rb7 g6 43. Rxb5 Qc7 {Game drawn by mutual
agreement} 1/2-1/2

[Event "Team 45 45 League T37"]
[Site "Internet Chess Club"]
[Date "2008.05.18"]
[Round "4"]
[White "Intelectual"]
[Black "therealwizard"]
[Result "0-1"]
[WhiteElo "1870"]
[BlackElo "2160"]
[Opening "Réti opening"]
[ECO "A05"]
[Time "08:02:12"]
[TimeControl "2700+45"]

1. Nf3 Nf6 2. b3 d5 3. Bb2 c5 4. e3 e6 5. d4 Nc6 6. Bb5 Qa5+ 7. Nc3 Ne4 8. O-O
Nxc3 9. Bxc6+ bxc6 10. Qd2 cxd4 11. exd4 Ba6 12. Bxc3 Qc7 13. Rfe1 Bd6 14. Qg5
O-O 15. h4 f6 16. Qg4 Bc8 17. Qh5 g6 18. Qh6 Bf4 {White resigns} 0-1

[Event "Team 45 45 League T37"]
[Site "Internet Chess Club"]
[Date "2008.05.17"]
[Round "4"]
[White "andrew28"]
[Black "FiendAngelical"]
[Result "0-1"]
[WhiteElo "1781"]
[BlackElo "1950"]
[Opening "Sicilian defense"]
[ECO "B30"]
[Time "16:24:04"]
[TimeControl "2700+45"]

1. e4 c5 2. Nf3 Nc6 3. Bc4 e6 4. O-O a6 5. a4 Nf6 6. d3 d5 7. exd5 exd5 8. Ba2
Bg4 9. Bf4 Be7 10. Nbd2 O-O 11. Re1 Nh5 12. Bg3 Nxg3 13. hxg3 Bf6 14. c3 Qd6 15.
Qb3 Be6 16. Qc2 b5 17. Rad1 b4 18. c4 Nd4 19. Nxd4 Bxd4 20. Nf3 Bf6 21. d4 Rac8
22. dxc5 Qxc5 23. Bb1 g6 24. Ne5 dxc4 25. Nd7 Bxd7 26. Rxd7 Rfe8 27. Re4 Qc6 28.
Rxe8+ Rxe8 29. Rd1 c3 30. bxc3 Qxc3 31. Qa2 Re1+ 32. Rxe1 Qxe1+ 33. Kh2 Bd4 34.
Qd5 Qxf2 35. Ba2 h5 36. g4 Qh4# {White checkmated} 0-1

[Event "Team 45 45 League T37"]
[Site "Internet Chess Club"]
[Date "2008.05.15"]
[Round "4"]
[White "Ocho-Cinco"]
[Black "joshua9"]
[Result "1/2-1/2"]
[WhiteElo "1743"]
[BlackElo "1749"]
[Opening "Petrov three knights game"]
[ECO "C42"]
[Time "17:48:29"]
[TimeControl "2700+45"]

1. e4 e5 2. Nf3 Nf6 3. Nc3 Bb4 4. Nxe5 O-O 5. d3 Re8 6. Nf3 d5 7. Be2 dxe4 8.
dxe4 Qxd1+ 9. Bxd1 Nxe4 10. O-O Nxc3 11. bxc3 Bxc3 12. Rb1 Nc6 13. Bf4 Ne5 14.
Rb3 Nxf3+ 15. Bxf3 Be5 16. Re1 f6 17. Bxe5 fxe5 18. Bxb7 Bxb7 19. Rxb7 Re7 20.
Re4 Rd8 21. Kf1 a5 22. Rb5 Rd2 23. Rc4 a4 24. Ke1 Rd4 25. Rbc5 Red7 26. Rxc7
Rd1+ 27. Ke2 R7d2+ 28. Ke3 Rd8 29. Rxa4 Re1+ 30. Kf3 Rf8+ 31. Kg3 Re2 32. Raa7
Rfxf2 33. Rxg7+ Kf8 34. Rxh7 Rxg2+ 35. Kf3 Rgf2+ 36. Kg4 Rf4+ 37. Kg5 Rg2+ 38.
Kh5 Rxh2+ 39. Kg6 Rg2+ 40. Kh5 Kg8 41. Rhe7 Rh2+ 42. Kg5 Rg2+ 43. Kh5 Rh2+ {Game
drawn by mutual agreement} 1/2-1/2

[Event "Team 45 45 League T37"]
[Site "Internet Chess Club"]
[Date "2008.05.17"]
[Round "4"]
[White "ranaamasonika"]
[Black "onslaught"]
[Result "1/2-1/2"]
[WhiteElo "2200"]
[BlackElo "2150"]
[Opening "Sicilian, Chekhover variation"]
[ECO "B53"]
[Time "22:26:21"]
[TimeControl "2700+45"]

1. e4 c5 2. Nf3 d6 3. d4 cxd4 4. Qxd4 a6 5. c4 Nc6 6. Qd2 g6 7. b3 Bg7 8. Bb2
Nf6 9. Nc3 O-O 10. Be2 Bg4 11. h3 Bxf3 12. Bxf3 Qa5 13. Rd1 Rab8 14. O-O b5
{Game drawn by mutual agreement} 1/2-1/2

[Event "Team 45 45 League T37"]
[Site "Internet Chess Club"]
[Date "2008.05.19"]
[Round "4"]
[White "frank001"]
[Black "HocusPocus"]
[Result "1-0"]
[WhiteElo "1805"]
[BlackElo "1988"]
[Opening "Queen's pawn game"]
[ECO "A45"]
[Time "01:59:06"]
[TimeControl "2700+45"]

1. d4 Nf6 2. e3 e6 3. Bd3 c5 4. c3 Nc6 5. f4 Qc7 6. Nf3 Be7 7. O-O O-O 8. Qe2 b6
9. Ne5 d6 10. Nf3 Bb7 11. Nbd2 e5 12. fxe5 dxe5 13. dxe5 Nxe5 14. Nxe5 Qxe5 15.
Nf3 Qh5 16. e4 Bd6 17. Bg5 Bxh2+ 18. Nxh2 Qxg5 19. Rf5 Qg3 20. Raf1 Nxe4 21.
Bxe4 Rae8 22. R5f4 g5 23. Rg4 Rxe4 24. Rxe4 Bxe4 25. Qxe4 f6 26. Qe6+ Kg7 27.
Ng4 f5 28. Qh6+ {Black resigns} 1-0

[Event "Team 45 45 League T37"]
[Site "Internet Chess Club"]
[Date "2008.05.18"]
[Round "4"]
[White "searchforbobby1"]
[Black "CMerli"]
[Result "1/2-1/2"]
[WhiteElo "2116"]
[BlackElo "2324"]
[Opening "Pirc: Austrian attack, dragon formation"]
[ECO "B09"]
[Time "22:02:23"]
[TimeControl "2700+45"]

1. e4 d6 2. d4 Nf6 3. Nc3 g6 4. f4 Bg7 5. Nf3 c5 6. Bb5+ Bd7 7. e5 Ng4 8. e6
fxe6 9. Ng5 Bxb5 10. Nxe6 Bxd4 11. Nxd8 {Game drawn by mutual agreement} 1/2-1/2

[Event "Team 45 45 League T37"]
[Site "Internet Chess Club"]
[Date "2008.05.18"]
[Round "4"]
[White "trophyking"]
[Black "Meowsers"]
[Result "1-0"]
[WhiteElo "2277"]
[BlackElo "2175"]
[Opening "Benoni: 6.e4"]
[ECO "A65"]
[Time "09:09:42"]
[TimeControl "2700+45"]

1. d4 Nf6 2. c4 c5 3. d5 e6 4. Nc3 exd5 5. cxd5 d6 6. e4 g6 7. f3 Bg7 8. Bg5 h6
9. Be3 O-O 10. Qd2 Kh7 11. Nge2 a6 12. a4 Qa5 13. Ra3 Nbd7 14. Nc1 Ne5 15. Be2
Bd7 16. O-O Rae8 17. N1a2 Qc7 18. a5 Nh5 19. g4 Nf6 20. b4 cxb4 21. Nxb4 Nc4 22.
Bxc4 Qxc4 23. Nd3 Rc8 24. Rc1 Bxg4 25. Ra4 Qb3 26. Rb4 Qa3 27. fxg4 Nxg4 28. Ra4
Qb3 29. Bd4 Rxc3 30. Qxc3 Qxa4 31. Bxg7 Re8 32. Rf1 Qxe4 33. Rxf7 Kg8 34. Bxh6
Ne5 35. Rg7+ Kh8 36. Nf4 Qb1+ 37. Kf2 Ng4+ 38. Kg3 Qg1+ 39. Kh4 Qxh2+ 40. Kxg4
Qg1+ 41. Qg3 Qd1+ 42. Qf3 Qg1+ 43. Kh3 {Black resigns} 1-0

[Event "Team 45 45 League T37"]
[Site "Internet Chess Club"]
[Date "2008.05.19"]
[Round "4"]
[White "spacecadet"]
[Black "FriedEggs"]
[Result "1-0"]
[WhiteElo "2227"]
[BlackElo "1942"]
[Opening "Sicilian: Smith-Morra gambit"]
[ECO "B21"]
[Time "17:58:47"]
[TimeControl "2700+45"]

1. e4 c5 2. d4 cxd4 3. c3 dxc3 4. Nxc3 Nc6 5. Nf3 d6 6. Bc4 e6 7. Bf4 Be7 8. Nb5
e5 9. Bg5 Nf6 10. Bxf6 gxf6 11. Nh4 Be6 12. Bd5 Qa5+ 13. Nc3 Nd4 14. O-O f5 15.
Nxf5 Nxf5 16. Bxb7 Rb8 17. Bc6+ Kd8 18. exf5 Bxf5 19. Qf3 Be6 20. Rfd1 f5 21.
Rac1 a6 22. Na4 Rg8 23. Rc5 Qb4 24. Rxe5 Rg6 25. Nc5 Bf7 26. Rxf5 Bc4 27. Re5
Bb5 28. Bxb5 Rxb5 29. Qa8+ Rb8 30. Qc6 Qb5 31. Ne6+ Rxe6 32. Rxb5 Rxb5 33. Rc1
Bg5 34. Qa8+ Ke7 35. Rc7+ Kf6 36. Qf3+ Rf5 37. Qc3+ Ree5 38. g3 Kg6 39. f4 Bxf4
40. gxf4 Rxf4 41. Qg3+ Rg5 42. Rg7+ {Black resigns} 1-0